 Seeded DCSS version 0.30-a0-457-g4b7bca3bfa (webtiles) character file.

Game seed: 9653979536821995196 (custom seed)

23646 purpskrrrp the Peltast (level 13, -9/102 HPs)
             Began as a Formicid Hunter on Dec 13, 2022.
             Was a High Priest of Hepliaklqana.
             Shot with an arrow by a centaur warrior (14 damage)
             ... on level 13 of the Dungeon.
             The game lasted 00:25:49 (9956 turns).

purpskrrrp the Peltast (Formicid Hunter)            Turns: 9956, Time: 00:25:49

Health: -9/102     AC:  7    Str: 14 (16) XL:     13   Next: 36%
Magic:  13/13      EV: 17    Int:  9 (10) God:    Hepliaklqana [*****.]
Gold:   543        SH:  0    Dex: 29      Spells: 12/12 levels left

rFire   + . .      SeeInvis +    o - +10 shortbow of Valour {freeze, rC+ rN+ Dex+2}
rCold   + . .      Faith    .    (no shield)
rNeg    + . .      Spirit   .    I - +2 leather armour {rF+}
rPois   +          Reflect  .    (helmet unavailable)
rElec   .          Harm     .    D - +0 cloak {rPois}
rCorr   .          Rampage  .    (no gloves)
Will    +....                    P - +0 pair of boots
Stlth   +++.......               y - amulet of regeneration
HPRegen 1.17/turn                l - +4 ring of evasion
MPRegen 0.13/turn                i - +6 ring of dexterity

@: unable to read
A: reduced essence, permanent stasis, dig shafts and tunnels, antennae 3, four
strong arms, deterioration 1, inability to read after injury 1
a: Dig, Shaft Self, Renounce Religion, Recall Ancestor, Ancestor Identity,
Transference, Idealise


You were on level 13 of the Dungeon.
You worshipped Hepliaklqana.
Hepliaklqana was extremely pleased with you.
You visited 1 branch of the dungeon, and saw 13 of its levels.

You collected 864 gold pieces.
You spent 321 gold pieces at shops.

Inventory:

Hand Weapons
 a - a +0 shortbow
 o - the +10 shortbow of Valour (weapon) {freeze, rC+ rN+ Dex+2}
   (You acquired it on level 2 of the Dungeon)

   Any ammunition fired from it freezes those it strikes, dealing additional
   cold damage.
   It can also slow down cold-blooded creatures.
   Dex:       It affects your dexterity (+2).
   rC:        It protects you from cold.
   rN:        It protects you from negative energy.
 F - a +4 antimagic arbalest
 G - a +0 longbow
Missiles
 s - 3 throwing nets
Armour
 c - a +0 leather armour
 D - a +0 cloak of poison resistance (worn)
 I - a +2 leather armour of fire resistance (worn)
 P - a +0 pair of boots (worn)
Jewellery
 i - a +6 ring of dexterity (right hand)
 l - a +4 ring of evasion (left hand)
 y - an amulet of regeneration (around neck)
 J - a ring of resist corrosion
 K - a ring of fire
 M - a +4 ring of evasion
 N - a ring of fire
Wands
 p - a wand of iceblast (15)
 E - a wand of polymorph (5)
 H - a wand of charming (8)
Scrolls
 b - 2 scrolls of immolation
 d - 5 scrolls of teleportation {unknown}
 e - 3 scrolls of noise
 j - 3 scrolls of fear
 q - 4 scrolls of magic mapping
 r - 2 scrolls of poison
 v - 3 scrolls of vulnerability
 x - 3 scrolls of amnesia
 A - 2 scrolls of blinking {unknown}
Potions
 f - a potion of heal wounds
 g - 6 potions of curing
 h - 2 potions of magic
 k - 2 potions of might {unknown}
 m - 3 potions of invisibility
 n - 3 potions of degeneration
 t - a potion of resistance {unknown}
 u - a potion of cancellation {unknown}
 w - 2 potions of mutation {unknown}
 z - 3 potions of haste {unknown}
 B - 4 potions of attraction {unknown}
 C - 2 potions of lignification
 L - a potion of ambrosia {unknown}
 O - 2 potions of flight


   Skills:
 + Level 14.9 Fighting
 + Level 14.2 Ranged Weapons
 - Level 2.1 Dodging
 - Level 2.1 Stealth
 - Level 17.1 Shields


You had 12 spell levels left.
You didn't know any spells.
Your spell library contained the following spells:

 Spells                   Type           Power      Damage    Failure   Level
 Sandblast                Erth           0%         2d4       45%         1
 Slow                     Hex            0%         N/A       45%         1
 Ensorcelled Hibernation  Hex/Ice        0%         N/A       61%         2
 Passwall                 Tmut/Erth      0%         N/A       61%         2
 Call Canine Familiar     Summ           0%         N/A       83%         3
 Confusing Touch          Hex            0%         N/A       83%         3
 Hailstorm                Conj/Ice       0%         3d3       83%         3
 Kindle Blastsparks       Fire/Tloc/Air  0%         2d10      83%         3
 Ozocubu's Armour         Ice            0%         N/A       83%         3
 Portal Projectile        Hex/Tloc       0%         N/A       83%         3
 Spider Form              Tmut/Pois      0%         N/A       83%         3
 Stone Arrow              Conj/Erth      0%         3d7       83%         3
 Tukima's Dance           Hex            0%         N/A       83%         3
 Vampiric Draining        Necr           0%         2d6       83%         3
 Anguish                  Hex/Necr       0%         N/A       99%         4
 Ice Form                 Ice/Tmut       0%         N/A       99%         4
 Passage of Golubria      Tloc           0%         N/A       99%         4
 Sticky Flame             Conj/Fire      0%         2d3       99%         4
 Blade Hands              Tmut           0%         N/A       100%        5
 Metabolic Englaciation   Hex/Ice        0%         N/A       100%        5
 Yara's Violent Unravell  Hex/Tmut       0%         3d3       100%        5
 Simulacrum               Ice/Necr       0%         N/A       100%        6
 Enfeeble                 Hex            0%         N/A       100%        7
 Ignition                 Fire           0%         3d3       100%        8


Dungeon Overview and Level Annotations

Branches:
Dungeon (13/15)            Temple (0/1) D:6            Lair (0/5) D:8
    Orc (0/2) D:12
 Vaults: D:13-14

Altars:
Elyvilon
Hepliaklqana
Kikubaaqudgha
Okawaru
Qazlal
Sif Muna
Trog
Vehumet
Xom
Zin
The Shining One

Shops:
D:3 *   D:6 [   D:9 **[(:

Annotations:
D:5 2 runed translucent doors, DyvineHeals's ghost, novice HOMo
D:7 2 runed translucent doors, Dowan; Duvessa


Innate Abilities, Weirdness & Mutations

Your life essence is reduced to manifest your ancestor. (-10% HP)
You cannot be hasted, slowed, berserked, paralysed or teleported.
You can dig through walls and to a lower floor.
You have a pair of large antennae on your head. (SInv)
Your four strong arms can wield two-handed weapons with a shield.
Your body sometimes deteriorates upon taking damage.
You occasionally lose the ability to read scrolls when taking damage.


Message History

You are too injured to fight recklessly!
You are too injured to fight recklessly!
You are too injured to fight recklessly!
You are too injured to fight recklessly!
You are too injured to fight recklessly!
You are too injured to fight recklessly!
You are too injured to fight recklessly!
You are too injured to fight recklessly!
You are too injured to fight recklessly!
You are too injured to fight recklessly!
You are too injured to fight recklessly!
You are too injured to fight recklessly!
You are too injured to fight recklessly!
You are too injured to fight recklessly!
Unknown command.
Are you sure you want to shaft yourself?
Dusana blocks the centaur warrior's attack.
The centaur warrior kicks Dusana but does no damage.
The centaur warrior shoots an arrow.
The arrow hits you!
* * * LOW HITPOINT WARNING * * *
Your body deteriorates!
You feel weakened.
Dusana completely misses the centaur warrior.
The manticore flicks its tail.
Dusana blocks the volley of spikes.
The ironbound preserver gestures wildly while chanting.
The ironbound preserver begins to accept its allies' injuries.
You begin to dig a shaft.
You continue digging a shaft.
The centaur warrior wields a +0 shortbow.
The centaur warrior shoots an arrow.
The arrow hits Dusana!
The centaur warrior shoots an arrow.
The arrow hits you!!
You feel threatened and lose the ability to read scrolls!
* * * LOW HITPOINT WARNING * * *
Your body deteriorates!
You feel weakened.
Dusana hits the centaur warrior with a +0 flail!
The ironbound preserver hits you with a +0 dire flail.
* * * LOW HITPOINT WARNING * * *
The manticore bites Dusana!
Dusana is destroyed!
The centaur warrior shoots an arrow.
The arrow hits you!
You die...

#.##.##........
#.##....##.##.#
####.##.#..##.##.#
#....##...........
#..........#R.....
#..#########......
#..# #...... #..#
#...... #@.#..
#......
#....cp..#.H.
#......
#.....'c.#{...
####.##
#######..#{+#######
#.#
..cH........###.#
................#
#..#''####......#
#..#.. #.####.#
#....#.##


You could see an ironbound preserver, 3 centaur warriors and a manticore
(sheltered).

Vanquished Creatures
  4 centaur warriors
  Erica (D:9)
  A boulder beetle (D:12)
  5 two-headed ogres
  An obsidian statue (D:10)
  An ugly thing (D:11)
  3 cyclopes
  A manticore (D:12)
  An ice statue (D:9)
  A gargoyle (D:8)
  Maggie (D:9)
  An unseen horror (D:8)
  5 ice devils (D:9)
  A kobold demonologist (D:10)
  An efreet (D:13)
  A troll (D:11)
  A hornet (D:10)
  A slime creature (D:12)
  A shadow (D:8)
  2 wraiths
  2 wyverns
  2 basilisks
  8 yaks
  3 steam dragons
  A vampire mosquito (D:11)
  2 water moccasins
  6 orc warriors
  2 black bears
  2 ice beasts
  4 sky beasts
  2 ogres
  6 centaurs
  A necrophage (D:5)
  4 kobold brigands (D:8)
  3 bullfrogs
  2 scorpions (D:5)
  3 wights (D:8)
  11 killer bees
  7 howler monkeys
  5 hounds
  5 orc priests
  2 gnoll boudas
  A jelly (D:4)
  2 iguanas (D:4)
  Ijyb (D:3)
  11 orc wizards
  8 adders
  13 gnolls
  A shadow imp (D:5)
  A white imp (D:7)
  4 ufetubi (D:9)
  2 dart slugs
  43 orcs
  10 ball pythons
  8 endoplasms
  8 giant cockroaches
  15 goblins
  5 hobgoblins
  6 jackals
  5 quokkas
  10 bats
  3 frilled lizards
  21 kobolds
  3 rats (D:3)
298 creatures vanquished.

Vanquished Creatures (collateral kills)
  A hydra (D:8)
  A tengu warrior (D:8)
  2 two-headed ogres
  A slime creature (D:12)
  An ice devil (D:9)
  A yak (D:12)
  A wraith (D:10)
  A vampire mosquito (D:11)
  An orc warrior (D:12)
  An ice beast (D:7)
  2 centaurs (D:13)
  A kobold brigand (D:10)
  2 killer bees
  A howler monkey (D:8)
  An orc wizard (D:11)
  2 ufetubi (D:9)
  2 orcs
  4 kobolds (D:10)
26 creatures vanquished.

Vanquished Creatures (others)
  3 knights
  3 ancestors
  3 fungi (D:5)
9 creatures vanquished.

Grand Total: 333 creatures vanquished

Notes
Turn   | Place    | Note
-------+----------+-------------------------------------------
     0 | D:1      | purpskrrrp the Formicid Hunter began the quest for the Orb.
     0 | D:1      | Reached XP level 1. HP: 16/16 MP: 1/1
   162 | D:1      | Reached XP level 2. HP: 23/23 MP: 2/2
   252 | D:1      | Reached XP level 3. HP: 28/28 MP: 3/3
   631 | D:1      | Identified a scroll of acquirement
   631 | D:1      | Acquired a manual of Shields
   689 | D:2      | Reached skill level 1 in Shields
   775 | D:2      | Identified the +10 trident "Isut Mok" {vorpal, Str+4
                  | Stlth+}
   793 | D:2      | Reached skill level 2 in Shields
   860 | D:2      | Reached XP level 4. HP: 23/34 MP: 4/4
   963 | D:2      | Reached skill level 3 in Shields
  1338 | D:2      | Acquired the +10 shortbow of Valour {freeze, rC+ rN+ Dex+2}
  1355 | D:3      | Noticed Ijyb
  1362 | D:3      | Killed Ijyb
  1363 | D:3      | Reached skill level 4 in Shields
  1363 | D:3      | Reached XP level 5. HP: 38/41 MP: 5/5
  1593 | D:3      | Reached skill level 5 in Shields
  1600 | D:3      | Found a stormy altar of Qazlal.
  1632 | D:3      | Found Gepsocir's Assorted Antiques.
  1650 | D:3      | Found a shimmering altar of Xom.
  1651 | D:3      | Found a shimmering altar of Xom.
  1653 | D:3      | Found a shimmering altar of Xom.
  1654 | D:3      | Found a shimmering altar of Xom.
  1654 | D:3      | Found a shimmering altar of Xom.
  1654 | D:3      | Found a shimmering altar of Xom.
  1977 | D:4      | Reached XP level 6. HP: 47/47 MP: 6/6
  1995 | D:4      | Reached skill level 6 in Shields
  2009 | D:4      | Noticed an ogre
  2011 | D:4      | Killed an ogre
  2012 | D:4      | Reached skill level 5 in Ranged Weapons
  2012 | D:4      | Reached skill level 7 in Shields
  2049 | D:4      | Reached XP level 7. HP: 54/54 MP: 7/7
  2186 | D:4      | Reached skill level 8 in Shields
  2285 | D:4      | Reached skill level 9 in Shields
  2532 | D:4      | Found a shimmering blue altar of Sif Muna.
  2768 | D:5      | Entered Level 5 of the Dungeon
  2799 | D:5      | Reached skill level 10 in Shields
  2799 | D:5      | Reached XP level 8. HP: 61/61 MP: 8/8
  2823 | D:5      | Reached skill level 5 in Fighting
  2987 | D:5      | Reached skill level 11 in Shields
  3212 | D:5      | Found a radiant altar of Vehumet.
  3216 | D:5      | Found a hazy altar of Hepliaklqana.
  3279 | D:5      | Reached skill level 12 in Shields
  3298 | D:5      | Became a worshipper of Hepliaklqana the Forgotten
  3305 | D:5      | Found a large runed translucent door.
  3305 | D:5      | Found a large runed translucent door.
  3318 | D:5      | Noticed DyvineHeals's ghost (novice HOMo)
  3714 | D:6      | Reached skill level 13 in Shields
  3714 | D:6      | Reached XP level 9. HP: 69/69 MP: 9/9
  3725 | D:6      | Found Xoniss's Antique Armour Emporium.
  3765 | D:6      | Found a staircase to the Ecumenical Temple.
  3807 | D:6      | Acquired a +1 antimagic arbalest
  3943 | D:6      | Reached * piety under Hepliaklqana
  4075 | D:6      | Reached skill level 14 in Shields
  4457 | D:7      | Found a large runed translucent door.
  4458 | D:7      | Found a large runed translucent door.
  4460 | D:7      | Found a shimmering altar of Xom.
  4624 | D:7      | Reached skill level 15 in Shields
  4696 | D:7      | Found an ancient bone altar of Kikubaaqudgha.
  4698 | D:7      | Found a bloodstained altar of Trog.
  4708 | D:7      | Noticed Duvessa
  4713 | D:7      | Noticed Dowan
  4718 | D:7      | You fall into a shaft and drop 1 floor!
  4731 | D:8      | Found a runed translucent door.
  4784 | D:8      | Reached skill level 16 in Shields
  4784 | D:8      | Reached XP level 10. HP: 60/71 MP: 10/10
  4793 | D:8      | Noticed a centaur warrior
  4806 | D:8      | Killed a centaur warrior
  4806 | D:8      | Noticed a two-headed ogre
  4807 | D:8      | Reached skill level 17 in Shields
  4817 | D:8      | Killed a two-headed ogre
  4821 | D:8      | Noticed an unseen horror
  4825 | D:8      | Killed an unseen horror
  4837 | D:8      | Noticed a centaur warrior
  4842 | D:8      | Killed a centaur warrior
  5119 | D:8      | Got the Almanac of the Gathered Arsonist
  5128 | D:8      | Reached XP level 11. HP: 80/80 MP: 11/11
  5147 | D:8      | Reached ** piety under Hepliaklqana
  5150 | D:8      | Remembered your ancestor Dusana as a knight
  5213 | D:8      | Noticed a centaur warrior
  5218 | D:8      | Killed a centaur warrior
  5219 | D:8      | Reached skill level 10 in Fighting
  5237 | D:8      | Found a staircase to the Lair.
  5261 | D:8      | Reached skill level 10 in Ranged Weapons
  5338 | D:8      | Noticed an eight-headed hydra
  5342 | D:8      | Killed an eight-headed hydra
  5397 | D:8      | Found a glowing silver altar of Zin.
  5398 | D:8      | Noticed an angel
  5468 | D:8      | Noticed a tengu warrior
  5476 | D:8      | Killed a tengu warrior
  5591 | D:8      | Identified the +4 great sword of Lavyalas {vorpal, rElec
                  | rC- SInv}
  5619 | D:8      | Found a runed translucent door.
  5848 | D:8      | Found a white marble altar of Elyvilon.
  5929 | D:9      | Found Ifofionn's General Store.
  6055 | D:9      | Noticed Erica
  6058 | D:9      | Killed Erica
  6207 | D:9      | Reached XP level 12. HP: 91/91 MP: 12/12
  6406 | D:9      | Found Cymyem's Assorted Antiques.
  6414 | D:9      | Bought a smoky pink potion for 21 gold pieces
  6414 | D:9      | Bought a scroll labelled QAIBUURUNA for 24 gold pieces
  6414 | D:9      | Bought 2 scrolls of identify for 96 gold pieces
  6414 | D:9      | Bought a scroll of enchant weapon for 180 gold pieces
  6446 | D:9      | Noticed a two-headed ogre
  6449 | D:9      | Killed a two-headed ogre
  6465 | D:9      | Found Xev Sosho's Antique Weapon Shoppe.
  6487 | D:9      | Noticed Maggie
  6490 | D:9      | Killed Maggie
  6558 | D:9      | Reached *** piety under Hepliaklqana
  6637 | D:9      | Found Epuceq's Book Boutique.
  6767 | D:9      | Found Askuad's Armour Shoppe.
  7538 | D:10     | Entered Level 10 of the Dungeon
  7542 | D:10     | Noticed a two-headed ogre
  7553 | D:10     | Killed a two-headed ogre
  7605 | D:10     | Found an iron altar of Okawaru.
  7661 | D:10     | Found a glowing golden altar of the Shining One.
  7769 | D:10     | Gained mutation: You have hidden genetic defects. [a
                  | neqoxec]
  7774 | D:10     | Noticed a sixfirhy
  7797 | D:10     | Noticed a two-headed ogre
  7799 | D:10     | Killed a two-headed ogre
  7950 | D:10     | Reached **** piety under Hepliaklqana
  8194 | D:11     | Gained mutation: Your body sometimes deteriorates upon
                  | taking damage. [hidden defects]
  8438 | D:11     | Noticed a two-headed ogre
  8445 | D:11     | Killed a two-headed ogre
  8932 | D:12     | Noticed a two-headed ogre
  8936 | D:12     | Killed a two-headed ogre
  8938 | D:12     | Noticed a boulder beetle
  8957 | D:12     | Killed a boulder beetle
  8959 | D:12     | Gained mutation: You occasionally lose the ability to read
                  | scrolls when taking damage. [hidden defects]
  8959 | D:12     | Lost mutation: You have hidden genetic defects. [hidden
                  | defects expressed]
  9011 | D:12     | Noticed a two-headed ogre
  9015 | D:12     | Killed a two-headed ogre
  9016 | D:12     | Reached XP level 13. HP: 101/101 MP: 13/13
  9059 | D:12     | Found a staircase to the Orcish Mines.
  9874 | D:13     | Noticed a centaur warrior
  9878 | D:13     | Killed a centaur warrior
  9933 | D:13     | Reached ***** piety under Hepliaklqana
  9942 | D:13     | Noticed a centaur warrior
  9948 | D:13     | Noticed a centaur warrior
  9948 | D:13     | Noticed an ironbound preserver
  9949 | D:13     | Noticed a centaur warrior
  9956 | D:13     | HP: 5/102 [ironbound preserver/+0 dire flail (3)]
  9956 | D:13     | Shot with an arrow by a centaur warrior

Illustrated notes

Levels and vault maps discovered:
D:1:      lemuel_arrival_lava_pool, layout_basic
D:2:      cheibrodos_old_hovel, layout_loops_ring
D:3:      kennysheep_the_goblin_king, layout_loops_ring, xom_redecorated,
          nicolae_qazlal_general_emergency, serial_shops, shop,
          kennysheep_flooded_box
D:4:      layout_loops_ring, kennysheep_orc_sif_temple,
          hangedman_decor_peaks_small, hex_medium, minmay_strange_pillars,
          st_stairs_7, hangedman_decor_lopped
D:5:      layout_loops_ring, mainiacjoe_overflow_chevrons,
          mainiacjoe_overflow_boulevard, ebering_ghost_disaster_area
D:6:      layout_gridville, minmay_temple_entry_ruins, serial_shops,
          nicolae_shop_behind_doors, minmay_small_thing
D:7:      due_chaos_kobolds, layout_loops_corners,
          chequers_temple_overflow_statue_of_worship, serial_shops, shop,
          uniq_duvessa
D:8:      minmay_the_grid_triangle_9x9_rhombus_thin
          [minmay_the_grid_triangle_9x9_tough_junction,
          minmay_the_grid_triangle_9x9_prize_top_heavy,
          minmay_the_grid_triangle_9x9_impossible_snake,
          minmay_the_grid_triangle_9x9_sprig], layout_basic, elyvilon_altar_5,
          zin_angel
D:9:      cheibrodos_frozen_isle, layout_layer_cave, serial_shops,
          nicolae_shop_advertising_works [nicolae_subvault_shop_adworks],
          nicolae_shop_trees, shop, nicolae_shop_crystal, shop, uniq_maggie,
          uniq_erica
D:10:     layout_rooms, tso_metal_star, okawaru_trees_1, minivault_16
D:11:     layout_long_grid, grunt_decor_junction, minmay_microvault
D:12:     layout_roguey, david_orc_5, hangedman_misty_isle
D:13:     layout_loops_cross, skrybe_vaults_entry_preservation,
          chequers_serial_rivers_micro_c, kennysheep_generic_room_5

Skill      XL: |  1  2  3  4  5  6  7  8  9 10 11 12 13 |
---------------+----------------------------------------+-----
Dodging        | 2 |  2.1
Stealth        | 2 |  2.1
Shields        | 2 4 5 7 10 13 16 17 | 17.1
Fighting       | 3 4 6 7 9 12 14 | 14.9
Ranged Weapons | 5 6 7 9 11 13 14 | 14.2

Action                   |  1- 3 |  4- 6 |  7- 9 | 10-12 | 13-15 || total
-------------------------+-------+-------+-------+-------+-------++-------
 Fire: Shortbow          |    71 |    75 |   195 |   359 |    99 ||   799
Invok: Ancestor Life: Kn |       |       |       |     1 |       ||     1
 Abil: Dig               |     3 |       |       |       |       ||     3
       Shaft Self        |       |       |     1 |       |     1 ||     2
  Use: Scroll            |     1 |     1 |     6 |    15 |       ||    23
       Potion            |       |       |       |     6 |       ||     6
Armor: Leather armour    |     7 |     2 |     6 |     6 |     1 ||    22
Dodge: Dodged            |    21 |    18 |    45 |    65 |    10 ||   159

Table legend: (Time is in decaauts)
 A = Elapsed time spent in this place.
 B = Non-inter-level travel time spent in this place.
 C = Inter-level travel time spent in this place.
 D = Time resting spent in this place.
 E = Time spent auto-exploring this place.
 F = Levels seen in this place.
 G = Mean time per level.
                   A        B        C        D        E       F      G
               +--------+--------+--------+--------+--------+-----+--------+
         Total |  10021 |   9586 |    435 |    476 |   7398 |  13 |  770.8 |
       Dungeon |  10021 |   9586 |    435 |    476 |   7398 |  13 |  770.8 |
               +--------+--------+--------+--------+--------+-----+--------+

Top non-repeatable levels by time:
     D:9: 1616 daAuts
     D:8: 1210 daAuts
    D:12: 879 daAuts
     D:5: 844 daAuts
     D:4: 818 daAuts
    D:11: 797 daAuts
     D:2: 702 daAuts
     D:6: 677 daAuts
     D:1: 663 daAuts
     D:3: 643 daAuts
    D:10: 581 daAuts
     D:7: 453 daAuts
    D:13: 131 daAuts
